TOP OF THE 1ST |
Rocky Mountain Nuggets batting - Pitching for Ft. Worth Cattlemen : RHP Gustavo Pérez
|
Pitching: RHP Gustavo Pérez
|
|
Batting: RHB Mike Case
|
0-0: Called Strike 0-1: Swinging Strike 0-2: Ball 1-2: Ball 2-2: Ground out 4-3 (Groundball, 4M)
|
Batting: RHB Wrangler Haresnape
|
0-0: Bunt missed! 0-1: Foul Ball, location: 2F 0-2: Ball 1-2: Foul Ball, location: 2F 1-2: Ball 2-2: SINGLE (Line Drive, 4MD)
|
Batting: RHB Gabriel Maldonado
|
0-0: Ball 1-0: Fly out, F9 (Line Drive, 9S)
|
Batting: RHB Paco Muńóz
|
0-0: Called Strike 0-1: Ball 1-1: Fly out, F8 (Flyball, 8LD)
|
Top of the 1st over - 0 runs, 1 hit, 0 errors, 1 left on base; Rocky Mountain 0 - Ft. Worth 0 |
BOTTOM OF THE 1ST |
Ft. Worth Cattlemen batting - Pitching for Rocky Mountain Nuggets : LHP Carlos Medina
|
Pitching: LHP Carlos Medina
|
|
Batting: LHB Jesús Morales
|
0-0: Ball 1-0: SINGLE (Flyball, 9LS)
|
Batting: RHB Jesús Martínez
|
0-0: Ball 1-0: Grounds into double play, 5-4-3 (Groundball, 5)
|
Batting: RHB Armando Chamú
|
0-0: Called Strike 0-1: Ground out 1-3 (Groundball, 13)
|
Bottom of the 1st over - 0 runs, 1 hit, 0 errors, 0 left on base; Rocky Mountain 0 - Ft. Worth 0 |
TOP OF THE 2ND |
Rocky Mountain Nuggets batting - Pitching for Ft. Worth Cattlemen : RHP Gustavo Pérez
|
Batting: RHB Fernando Rivera
|
0-0: Called Strike 0-1: Ball 1-1: Swinging Strike 1-2: Ball 2-2: Ball 3-2: Strikes out swinging
|
Batting: LHB Bartolo Benítez
|
0-0: Ball 1-0: Called Strike 1-1: Foul Ball, location: 2F 1-2: Ball 2-2: Strikes out swinging, 2-3 out at first.
|
Batting: RHB Vincent Crane
|
0-0: Called Strike 0-1: Ball 1-1: Ball 2-1: Ground out 4-3 (Groundball, 4)
|
Top of the 2nd over - 0 runs, 0 hits, 0 errors, 0 left on base; Rocky Mountain 0 - Ft. Worth 0 |
BOTTOM OF THE 2ND |
Ft. Worth Cattlemen batting - Pitching for Rocky Mountain Nuggets : LHP Carlos Medina
|
Batting: SHB Robby Day
|
0-0: Called Strike 0-1: Called Strike 0-2: Foul Ball, location: 2F 0-2: Foul Ball, location: 2F 0-2: Ball 1-2: Foul Ball, location: 2F 1-2: Foul Ball, location: 2F 1-2: Ball 2-2: Ground out 6-3 (Groundball, 6)
|
Batting: RHB Dave Sienna
|
0-0: Foul Ball, location: 2F 0-1: Ball 1-1: Ball 2-1: Swinging Strike 2-2: Strikes out swinging
|
Batting: LHB Rick Mayfield
|
0-0: Ball 1-0: Ball 2-0: Called Strike 2-1: Ball 3-1: Foul Ball, location: 2F 3-2: Strikes out swinging
|
Bottom of the 2nd over - 0 runs, 0 hits, 0 errors, 0 left on base; Rocky Mountain 0 - Ft. Worth 0 |
TOP OF THE 3RD |
Rocky Mountain Nuggets batting - Pitching for Ft. Worth Cattlemen : RHP Gustavo Pérez
|
Batting: RHB Jesús Ruano
|
0-0: Ball 1-0: Called Strike 1-1: Ball 2-1: Swinging Strike 2-2: Strikes out looking
|
Batting: RHB Luis Ríos
|
0-0: Swinging Strike 0-1: Foul Ball, location: 2F 0-2: Fly out, F8 (Flyball, 8RD)
|
Batting: RHB Mike Case
|
0-0: Swinging Strike 0-1: Called Strike 0-2: DOUBLE (Line Drive, 9D)
|
Batting: RHB Wrangler Haresnape
|
0-0: Ball 1-0: Called Strike 1-1: SINGLE (Flyball, 7S) Mike Case to third Runner from 3rd tries for Home, SAFE, no throw
|
Batting: RHB Gabriel Maldonado
|
0-0: Called Strike Wrangler Haresnape steals 2nd base 0-1: Ball 1-1: DOUBLE (Line Drive, 8LXD) Wrangler Haresnape scores
|
Batting: RHB Paco Muńóz
|
0-0: Called Strike 0-1: Swinging Strike 0-2: Fly out, F8 (Flyball, 8LS)
|
Top of the 3rd over - 2 runs, 3 hits, 0 errors, 1 left on base; Rocky Mountain 2 - Ft. Worth 0 |
BOTTOM OF THE 3RD |
Ft. Worth Cattlemen batting - Pitching for Rocky Mountain Nuggets : LHP Carlos Medina
|
Batting: RHB Juan Aguirre
|
0-0: Ball 1-0: Foul Ball, location: 2F 1-1: Ball 2-1: Ball 3-1: Swinging Strike 3-2: Fly out, F9 (Flyball, 9D)
|
Batting: LHB Nobuo Yamashita
|
0-0: Ball 1-0: Fly out, F9 (Flyball, 9)
|
Batting: LHB Chris Etheridge
|
0-0: Called Strike 0-1: Foul Ball, location: 2F 0-2: Strikes out swinging
|
Bottom of the 3rd over - 0 runs, 0 hits, 0 errors, 0 left on base; Rocky Mountain 2 - Ft. Worth 0 |
TOP OF THE 4TH |
Rocky Mountain Nuggets batting - Pitching for Ft. Worth Cattlemen : RHP Gustavo Pérez
|
Batting: RHB Fernando Rivera
|
0-0: Ball 1-0: Foul Ball, location: 2F 1-1: SINGLE (Groundball, 6MD)
|
Batting: LHB Bartolo Benítez
|
0-0: Swinging Strike 0-1: Foul Ball, location: 2F 0-2: Ball 1-2: Ball 2-2: Ball 3-2: Foul Ball, location: 2F 3-2: Base on Balls Fernando Rivera to second
|
Batting: RHB Vincent Crane
|
0-0: Fly out, F8 (Line Drive, 8LM)
|
Batting: RHB Jesús Ruano
|
0-0: Ball 1-0: Ball 2-0: Ball 3-0: Base on Balls Fernando Rivera to third Bartolo Benítez to second
|
Batting: RHB Luis Ríos
|
0-0: Fly out, F9 (Flyball, 9LM) Runner from 3rd tags up, SCORES, throw made
|
Batting: RHB Mike Case
|
0-0: Called Strike 0-1: Ground out 4-3 (Groundball, 4)
|
Top of the 4th over - 1 run, 1 hit, 0 errors, 2 left on base; Rocky Mountain 3 - Ft. Worth 0 |
BOTTOM OF THE 4TH |
Ft. Worth Cattlemen batting - Pitching for Rocky Mountain Nuggets : LHP Carlos Medina
|
Batting: LHB Jesús Morales
|
0-0: SINGLE (Line Drive, 56D)
|
Batting: RHB Jesús Martínez
|
0-0: Ball 1-0: Called Strike 1-1: Ball 2-1: Grounds into double play, 5-4-3 (Groundball, 56)
|
Batting: RHB Armando Chamú
|
0-0: Ball 1-0: Called Strike 1-1: Swinging Strike 1-2: Foul Ball, location: 2F 1-2: Foul Ball, location: 2F 1-2: Foul Ball, location: 2F 1-2: Ball 2-2: Foul Ball, location: 2F 2-2: Foul Ball, location: 2F 2-2: Ball 3-2: Base on Balls
|
Batting: SHB Robby Day
|
0-0: Called Strike 0-1: Fly out, F6 (Popup, 6)
|
Bottom of the 4th over - 0 runs, 1 hit, 0 errors, 1 left on base; Rocky Mountain 3 - Ft. Worth 0 |
TOP OF THE 5TH |
Rocky Mountain Nuggets batting - Pitching for Ft. Worth Cattlemen : RHP Gustavo Pérez
|
Batting: RHB Wrangler Haresnape
|
0-0: Ball 1-0: Ground out 4-3 (Groundball, 34)
|
Batting: RHB Gabriel Maldonado
|
0-0: Ball 1-0: SINGLE (Line Drive, 78M)
|
Batting: RHB Paco Muńóz
|
0-0: Ball 1-0: Foul Ball, location: 2F 1-1: Foul Ball, location: 2F 1-2: Hit by Pitch Gabriel Maldonado to second
|
Batting: RHB Fernando Rivera
|
0-0: Ball 1-0: Foul Ball, location: 2F 1-1: Grounds into double play, 5-4-3 (Groundball, 56)
|
Top of the 5th over - 0 runs, 1 hit, 0 errors, 1 left on base; Rocky Mountain 3 - Ft. Worth 0 |
BOTTOM OF THE 5TH |
Ft. Worth Cattlemen batting - Pitching for Rocky Mountain Nuggets : LHP Carlos Medina
|
Batting: RHB Dave Sienna
|
0-0: Called Strike 0-1: Foul Ball, location: 2F 0-2: Ball 1-2: Foul Ball, location: 2F 1-2: Ball 2-2: Ball 3-2: Foul Ball, location: 2F 3-2: Foul Ball, location: 2F 3-2: Foul Ball, location: 2F 3-2: Ground out 4-3 (Groundball, 4MD)
|
Batting: LHB Rick Mayfield
|
0-0: Ball 1-0: SOLO HOME RUN (Flyball, 9LD), Distance : 342 ft
|
Batting: RHB Juan Aguirre
|
0-0: Called Strike 0-1: Fly out, F9 (Line Drive, 9)
|
Batting: LHB Nobuo Yamashita
|
0-0: Ball 1-0: Foul Ball, location: 2F 1-1: Ball 2-1: Swinging Strike 2-2: Strikes out swinging
|
Bottom of the 5th over - 1 run, 1 hit, 0 errors, 0 left on base; Rocky Mountain 3 - Ft. Worth 1 |
TOP OF THE 6TH |
Rocky Mountain Nuggets batting - Pitching for Ft. Worth Cattlemen : RHP Gustavo Pérez
|
Batting: LHB Bartolo Benítez
|
0-0: Ball 1-0: Ball 2-0: Ball 3-0: SINGLE (Flyball, 78S)
|
Batting: RHB Vincent Crane
|
0-0: Sac Bunt - play at first, batter OUT! 1-3 Bartolo Benítez to second
|
Batting: RHB Jesús Ruano
|
0-0: Reached via error on a dropped throw, E3 Bartolo Benítez to third
|
Batting: RHB Luis Ríos
|
0-0: Ball Jesús Ruano is caught stealing 2nd base 1-0: Ball 2-0: Foul Ball, location: 2F 2-1: Ground out 5-3 (Groundball, 56)
|
Top of the 6th over - 0 runs, 1 hit, 1 error, 1 left on base; Rocky Mountain 3 - Ft. Worth 1 |
BOTTOM OF THE 6TH |
Ft. Worth Cattlemen batting - Pitching for Rocky Mountain Nuggets : LHP Carlos Medina
|
Now in CF: Wes Shannon
|
|
Batting: LHB Chris Etheridge
|
0-0: Ball 1-0: Ball 2-0: Ground out 4-3 (Groundball, 34)
|
Batting: LHB Jesús Morales
|
0-0: Ball 1-0: Fly out, F8 (Flyball, 8RD)
|
Batting: RHB Jesús Martínez
|
0-0: SINGLE (Flyball, 78S)
|
Batting: RHB Armando Chamú
|
0-0: Ball Jesús Martínez steals 2nd base 1-0: Ball 2-0: Swinging Strike 2-1: SINGLE (Flyball, 7LS) Jesús Martínez to third Runner from 3rd tries for Home, SAFE, no throw
|
Batting: SHB Robby Day
|
0-0: Foul Ball, location: 2F 0-1: Ball 1-1: Fielders Choice at 2nd, 6-4 (Groundball, 6)
|
Bottom of the 6th over - 1 run, 2 hits, 0 errors, 1 left on base; Rocky Mountain 3 - Ft. Worth 2 |
TOP OF THE 7TH |
Rocky Mountain Nuggets batting - Pitching for Ft. Worth Cattlemen : RHP Gustavo Pérez
|
Batting: RHB Mike Case
|
0-0: Fly out, F6 (Line Drive, 6)
|
Batting: RHB Wrangler Haresnape
|
0-0: Called Strike 0-1: Called Strike 0-2: Ground out 1-3 (Groundball, 13S)
|
Batting: RHB Gabriel Maldonado
|
0-0: Called Strike 0-1: Ground out 6-3 (Groundball, 6)
|
Top of the 7th over - 0 runs, 0 hits, 0 errors, 0 left on base; Rocky Mountain 3 - Ft. Worth 2 |
BOTTOM OF THE 7TH |
Ft. Worth Cattlemen batting - Pitching for Rocky Mountain Nuggets : LHP Carlos Medina
|
Batting: RHB Dave Sienna
|
0-0: Called Strike 0-1: Foul Ball, location: 2F 0-2: Strikes out looking
|
Pitching: LHP Eijiro Takahashi
|
|
Batting: LHB Rick Mayfield
|
0-0: Ball 1-0: Ball 2-0: Swinging Strike 2-1: SOLO HOME RUN (Flyball, 9LD), Distance : 368 ft
|
Batting: RHB Juan Aguirre
|
0-0: Ball 1-0: Called Strike 1-1: Swinging Strike 1-2: Ground out 5-3 (Groundball, 56)
|
Batting: LHB Nobuo Yamashita
|
0-0: Ball 1-0: Swinging Strike 1-1: Swinging Strike 1-2: Hit by Pitch
|
Batting: LHB Chris Etheridge
|
0-0: Foul Ball, location: 2F 0-1: Ball 1-1: Ball 2-1: SINGLE (Groundball, 4D) Nobuo Yamashita to second Runner from 2nd tries for 3rd, SAFE, no throw
|
Batting: LHB Jesús Morales
|
0-0: Ball 1-0: Foul Ball, location: 2F 1-1: Hit by Pitch Chris Etheridge to second
|
Batting: RHB Jesús Martínez
|
0-0: Ball Wild Pitch! Nobuo Yamashita scores Chris Etheridge to third Jesús Morales to second 1-0: Ball 2-0: Called Strike 2-1: Swinging Strike 2-2: Foul Ball, location: 2F 2-2: Foul Ball, location: 2F 2-2: Ball 3-2: Base on Balls
|
Pitching: RHP Jamel Rhoads
|
|
Batting: RHB Armando Chamú
|
0-0: Swinging Strike 0-1: Ball 1-1: Ball 2-1: Foul Ball, location: 2F 2-2: Strikes out swinging
|
Bottom of the 7th over - 2 runs, 2 hits, 0 errors, 3 left on base; Rocky Mountain 3 - Ft. Worth 4 |
TOP OF THE 8TH |
Rocky Mountain Nuggets batting - Pitching for Ft. Worth Cattlemen : RHP Gustavo Pérez
|
Batting: RHB Paco Muńóz
|
0-0: Ball 1-0: Foul Ball, location: 2F 1-1: Ball 2-1: Called Strike 2-2: Foul Ball, location: 2F 2-2: Ball 3-2: Foul Ball, location: 2F 3-2: Foul Ball, location: 2F 3-2: Fly out, F8 (Flyball, 8RM)
|
Pitching: RHP Mack MacDonald
|
|
Batting: RHB Fernando Rivera
|
0-0: Ball 1-0: Called Strike 1-1: Swinging Strike 1-2: Ground out 6-3 (Groundball, 6S)
|
Batting: LHB Bartolo Benítez
|
0-0: Ball 1-0: Swinging Strike 1-1: Fly out, F8 (Flyball, 8LD)
|
Top of the 8th over - 0 runs, 0 hits, 0 errors, 0 left on base; Rocky Mountain 3 - Ft. Worth 4 |
BOTTOM OF THE 8TH |
Ft. Worth Cattlemen batting - Pitching for Rocky Mountain Nuggets : RHP Jamel Rhoads
|
Batting: SHB Robby Day
|
0-0: Called Strike 0-1: Called Strike 0-2: Foul Ball, location: 2F 0-2: Ball 1-2: Ball 2-2: DOUBLE (Groundball, 3L)
|
Batting: RHB Dave Sienna
|
0-0: Ball 1-0: Foul Ball, location: 2F 1-1: Ball 2-1: Ball 3-1: Fly out, F2 (Popup, 25F)
|
Batting: LHB Rick Mayfield
|
0-0: Intentional Walk
|
Pinch Hitting: SHB Roberto Mosca
|
0-0: Ball 1-0: Ball 2-0: Foul Ball, location: 2F 2-1: Foul Ball, location: 2F 2-2: Foul Ball, location: 2F 2-2: Foul Ball, location: 2F 2-2: Fly out, F7 (Flyball, 78S)
|
Batting: LHB Nobuo Yamashita
|
0-0: Foul Ball, location: 2F 0-1: Ball 1-1: DOUBLE (Flyball, 89XD) Robby Day scores Rick Mayfield to third Runner from 3rd tries for Home, SAFE, no throw
|
Batting: LHB Chris Etheridge
|
0-0: Ball 1-0: Foul Ball, location: 2F 1-1: Ball 2-1: Fly out, F5 (Popup, 5SF)
|
Bottom of the 8th over - 2 runs, 2 hits, 0 errors, 1 left on base; Rocky Mountain 3 - Ft. Worth 6 |
TOP OF THE 9TH |
Rocky Mountain Nuggets batting - Pitching for Ft. Worth Cattlemen : RHP Mack MacDonald
|
Pitching: LHP Ricardo Ruíz
|
|
Now at 3B: Vincent Vega
|
|
Batting: RHB Vincent Crane
|
0-0: Called Strike 0-1: Swinging Strike 0-2: SINGLE (Groundball, 6MD)
|
Batting: RHB Jesús Ruano
|
0-0: Called Strike 0-1: Foul Ball, location: 2F 0-2: Foul Ball, location: 2F 0-2: Ball 1-2: DOUBLE (Line Drive, 78XD) Vincent Crane to third
|
Batting: RHB Wes Shannon
|
0-0: Called Strike 0-1: Ball 1-1: Ground out 6-3 (Groundball, 6) Vincent Crane scores Jesús Ruano to third
|
Batting: RHB Mike Case
|
0-0: Foul Ball, location: 2F 0-1: Foul Ball, location: 2F 0-2: Foul Ball, location: 2F 0-2: Fly out, F7 (Flyball, 7S)
|
Batting: RHB Wrangler Haresnape
|
0-0: Ground out 1-3 (Groundball, 13)
|
Top of the 9th over - 1 run, 2 hits, 0 errors, 1 left on base; Rocky Mountain 4 - Ft. Worth 6 |
|